 Dungeon Crawl Stone Soup version 0.22-a0-785-g6253c82ace (webtiles) character file.

201 Htamos the Skirmisher (level 5, 0/57 HPs)
             Began as an Ogre Gladiator on July 20, 2018.
             Splashed by a jelly's acid (6 damage)
             ... on level 3 of the Dungeon.
             The game lasted 00:04:19 (3171 turns).

Htamos the Skirmisher (Ogre Gladiator)              Turns: 3171, Time: 00:04:21

Health: 0/57       AC: -5    Str: 18    XL:     5   Next: 79%
Magic:  5/5        EV: 11    Int:  9    God:
Gold:   124        SH:  0    Dex: 11    Spells: 4/4 levels left

rFire    . . .     SeeInvis .   a - +0 quarterstaff
rCold    . . .     Gourm    .   (shield currently unavailable)
rNeg     . . .     Faith    .   b - +0 robe
rPois    .         Spirit   .   c - +0 hat
rElec    .         Reflect  .   (no cloak)
rCorr    .         Harm     .   (gloves unavailable)
MR       .....                  (boots unavailable)
Stlth    +.........             (no amulet)
HPRegen  0.19/turn              (no ring)
MPRegen  0.09/turn              (no ring)

@: corroded
A: large, unfitting armour, tough skin 1
a: no special abilities


You were on level 3 of the Dungeon.
You were very hungry.

You visited 1 branch of the dungeon, and saw 3 of its levels.

You collected 124 gold pieces.

Inventory:

Hand Weapons
 a - a +0 quarterstaff (weapon)
Missiles
 d - 3 throwing nets (quivered)
Armour
 b - a +0 robe (worn)
 c - a +0 hat (worn)
Jewellery
 q - a +5 ring of protection {unknown}
Scrolls
 g - a scroll of fog {unknown}
 h - a scroll of remove curse {unknown}
 i - 2 scrolls of teleportation {unknown}
 j - a scroll of random uselessness {unknown}
 k - 2 scrolls of enchant armour {unknown}
 l - a scroll of noise {unknown}
 m - 4 scrolls of identify {unknown}
 r - a scroll of magic mapping {unknown}
Potions
 e - a potion of lignification {unknown}
 p - a potion of haste {unknown}
Comestibles
 f - 6 rations


   Skills:
 * Level 5.3 Fighting
 + Level 3.8 Staves
 + Level 3.1 Throwing
 + Level 3.4 Dodging


You had 4 spell levels left.
You didn't know any spells.
Your spell library was empty.

Dungeon Overview and Level Annotations

Branches:
Dungeon (3/15)

Altars:
Hepliaklqana


Innate Abilities, Weirdness & Mutations

You are too large for most types of armour.
You have tough skin. (AC +1)


Message History

You are too injured to fight recklessly!
There is an open door here.
You hit the jelly.
Your hands burn!
* * * LOW HITPOINT WARNING * * *
The jelly is lightly wounded.
The jelly closely misses you.
You sock the jelly!
Your hands burn!
* * * LOW HITPOINT WARNING * * *
The jelly is severely wounded.
The jelly hits you.
* * * LOW HITPOINT WARNING * * *
You are splashed with acid!
The acid burns!
* * * LOW HITPOINT WARNING * * *
You hit the jelly. The acid corrodes you!
Your hands burn!
* * * LOW HITPOINT WARNING * * *
The jelly is almost dead.
The jelly hits you.
* * * LOW HITPOINT WARNING * * *
The acid corrodes you!
You are splashed with acid!
The acid burns!
You die...

#......# . ####
###......# .. ..###
#........#
..####.#.####..<)....#
.......#.#....)......#
.....)o).#.#...).....#
#....).#.............#
#..o##.###.#.#.......#
.o.. ....#.#.#.#@#+###
.#.....#.#.#.#.#J#
.....#.#.#.#>#..........
.##..#.# #+#.###.#.#####
. #..#.# ... ..#.# .#.
#.#... .. ### # ...
..#... .### #.#.. ...
.....


You could see a jelly.

Vanquished Creatures
  An orc priest (D:2)
  An orc wizard (D:3)
  A worker ant (D:2)
  3 adders
  An ooze (D:2)
  2 worms
  2 leopard geckos (D:3)
  15 orcs
  6 goblins
  7 hobgoblins
  8 jackals (D:1)
  A ball python (D:2)
  6 bats
  5 frilled lizards
  7 kobolds
  2 rats
68 creatures vanquished.

Notes
Turn   | Place    | Note
-------+----------+-------------------------------------------
     0 | D:1      | Htamos the Ogre Gladiator began the quest for the Orb.
     0 | D:1      | Reached XP level 1. HP: 22/22 MP: 1/1
    56 | D:1      | Reached skill level 3 in Fighting
   150 | D:1      | Reached XP level 2. HP: 27/31 MP: 2/2
   863 | D:2      | Found a hazy altar of Hepliaklqana.
  1022 | D:2      | Reached XP level 3. HP: 35/37 MP: 3/3
  1532 | D:2      | Reached skill level 4 in Fighting
  1660 | D:2      | Reached XP level 4. HP: 48/48 MP: 4/4
  2526 | D:2      | Reached XP level 5. HP: 45/55 MP: 5/5
  2763 | D:2      | Reached skill level 5 in Fighting
  3171 | D:3      | Splashed by a jelly's acid

Vault maps used:
D:1:      elethiomel_arrival_infinity_welcomes_careful_drivers
D:2:      nicolae_overflow_hidden_temple, first_ration
D:3:      guppyfry_early_orc_mine

Skill      XL: |  1  2  3  4  5 |
---------------+----------------+-----
Fighting       | 3 4 5 |  5.3
Dodging        | 3 |  3.4
Throwing       | 3 |  3.1
Staves         | |  3.8

Action                   |  1- 3 |  4- 6 || total
-------------------------+-------+-------++-------
Melee: Quarterstaff      |   106 |   129 ||   235
  Use: Potion            |       |     1 ||     1
  Eat: Chunk             |     2 |     4 ||     6
Armor: Robe              |    39 |    35 ||    74
Dodge: Dodged            |    70 |    78 ||   148

Table legend:
 A = Spawn XP
 B = Non-spawn XP
 C = Spawn XP percentage of total XP
 D = Spawn monster count
 E = Non-spawn monster count
 F = Spawn count percentage of total count
 G = Total turns spent on level
                    A         B        C        D         E        F      G
               +---------+---------+-------+---------+---------+-------+---------
         Total |       0 |     288 |   0.0 |       0 |      68 |   0.0 |  3171
               +---------+---------+-------+---------+---------+-------+---------
           D:1 |       0 |      26 |   0.0 |       0 |      15 |   0.0 |   758
           D:2 |       0 |     150 |   0.0 |       0 |      23 |   0.0 |  1627
           D:3 |       0 |     112 |   0.0 |       0 |      30 |   0.0 |   786
               +---------+---------+-------+---------+---------+-------+---------
